 Dungeon Crawl Stone Soup version 0.15.2 (webtiles) character file.

2255 Heini the Basher (level 9, -9/124 HPs)
             Began as a Minotaur Fighter on Feb 6, 2015.
             Was an Initiate of Okawaru.
             Mangled by an orc warrior
             ... wielding a +0 hand axe
              (18 damage)
             ... in a bailey.
             The game lasted 00:17:43 (4807 turns).

Heini the Basher (Minotaur Fighter)                 Turns: 4807, Time: 00:17:43

HP  -9/124       AC 11     Str 30      XL: 9   Next: 15%
MP   4/4         EV  7     Int  5      God: Okawaru [......]
Gold 290         SH 10     Dex  9      Spells:  0 memorised,  8 levels left

rFire  + . .     SeeInvis .     a - +1 flail (curse)
rCold  . . .     Clarity  .     b - +0 scale mail (curse)
rNeg   . . .     rCorr    .     c - +0 shield (curse)
rPois  .         rRot     .     q - +2 hat
rElec  .         Spirit   .     (no cloak)
SustAb .         Warding  .     (no gloves)
rMut   .         Stasis   .     v - +0 pair of boots
Gourm  .                        (no amulet)
MR     .....                    (no ring)
                                g - ring of protection from fire

@: mighty, berserking, very quick, not resistant to hostile enchantments,
extremely unstealthy
A: retaliatory headbutt, horns 2
a: Renounce Religion


You were in a bailey.
You worshipped Okawaru.
Okawaru was noncommittal.
You were not hungry.

You visited 2 branches of the dungeon, and saw 8 of its levels.
You also visited: Ossuary and Bailey.

You collected 290 gold pieces.

Inventory:

Hand weapons
 a - a cursed +1 flail (weapon)
 x - a cursed +0 morningstar
Armour
 b - a cursed +0 scale mail (worn)
 c - a cursed +0 shield (worn)
 q - a +2 hat (worn)
 v - a +0 pair of boots (worn)
Magical devices
 f - a wand of paralysis (12) {unknown}
 n - a wand of frost (19) {unknown}
 r - a wand of confusion (7) {unknown}
Comestibles
 d - 5 bread rations
 o - 2 meat rations
 A - 4 fruits
 E - a chunk of goblin flesh
Scrolls
 k - 2 scrolls of amnesia
 m - 3 scrolls of blinking
 t - 5 scrolls of identify
 u - a scroll of fog
 y - 2 scrolls of teleportation
 z - 2 scrolls of remove curse
Jewellery
 g - a ring of protection from fire (left hand)
Potions
 e - 4 potions of might
 h - 6 potions of cancellation
 i - a potion of mutation
 j - 3 potions of flight
 l - 2 potions of degeneration
 p - 9 potions of curing
 s - a potion of brilliance
 D - a potion of berserk rage
Books
 w - a book of Burglary

   Spells                             Type                      Level
   Swiftness                          Charms/Air                   2
   Passwall                           Transmutation/Earth          3
   Passage of Golubria                Translocation                4
   Lee's Rapid Deconstruction         Earth                        5
   Invisibility                       Hexes                        6
   Darkness                           Hexes                        7
 C - a book of Maledictions

   Spells                             Type                      Level
   Corona                             Hexes                        1
   Sure Blade                         Hexes/Charms                 2
   Ensorcelled Hibernation            Hexes/Ice                    2
   Confuse                            Hexes                        3
   Dazzling Spray                     Conjuration/Hexes            3
   Enslavement                        Hexes                        4


   Skills:
 * Level 9.0 Fighting
 * Level 10.0 Maces & Flails
 * Level 8.1 Armour
 - Level 3.6 Shields


You had 8 spell levels left.
You didn't know any spells.

Dungeon Overview and Level Annotations

Branches:
Dungeon (7/15)             Temple (1/1) D:5

Altars:
Ashenzari
Cheibriados
Dithmenos
Elyvilon
Fedhas
Kikubaaqudgha
Makhleb
Nemelex Xobeh
Okawaru
Qazlal
Sif Muna
Vehumet
Xom
Yredelemnul
Zin

Shops:
D:6 **:%(


Innate Abilities, Weirdness & Mutations

You reflexively headbutt those who attack you in melee.
You have a pair of horns on your head.


Message History

The orc warrior is lightly wounded.
You block the orc warrior's attack.
The orc warrior hits you but does no damage.
The orc knight roars a battle-cry!
The orc warriors go into a battle-frenzy!
Drink which item? (? for menu, Esc to quit)
You feel very mighty all of a sudden.
You hear a blaring wail to the northeast.
You block the orc warrior's attack.
The orc warrior hits you with a war axe!
* * * LOW HITPOINT WARNING * * *
The orc warrior hits you with a broad axe.
* * * LOW HITPOINT WARNING * * *
A hobgoblin comes into view. It is wielding a hand axe.
Drink which item? (? for menu, Esc to quit)
A red film seems to cover your vision as you go berserk!
You feel yourself moving faster!
You feel mighty!
It was a potion of berserk rage.
The orc warrior hits you with a hand axe!!
You die...
K≈.≈K ##≈g≈## K≈o≈K

#≈.≈#
≈g≈
##'##
#og.#
#oo.#
#@og#
#####


You could see an orc knight, 4 orc warriors, 3 hobgoblins, a goblin and a
kobold.

Vanquished Creatures
  The ghost of ghwc the Cleaver, an experienced HOGl (Ossuary)
  The ghost of Heini the Covered, an average MiFi (D:3)
  The ghost of kroki the Chopper, an average MiWr (D:4)
  An ice beast (D:6)
  4 ogres
  A black bear (D:6)
  A centaur (D:4)
  An elf zombie (Ossuary)
  A goliath beetle (D:6)
  A crimson imp (D:5)
  A human zombie (Ossuary)
  A centaur zombie (Ossuary)
  An orc priest (D:5)
  3 hounds (D:4)
  5 orc wizards (D:5)
  A jelly (D:5)
  4 worker ants
  2 iguanas
  3 mummies
  10 adders
  2 shadow imps
  A giant mite (D:4)
  3 worms
  2 adder zombies (Ossuary)
  3 giant geckos
  An ooze (D:1)
  19 orcs
  A bat skeleton (D:5)
  16 goblins
  14 hobgoblins
  5 jackals
  4 ball pythons
  12 bats
  5 giant cockroaches
  8 giant newts
  A goblin skeleton (D:4)
  A goblin zombie (Ossuary)
  A hobgoblin skeleton (D:4)
  8 hobgoblin zombies (Ossuary)
  A jackal zombie (Ossuary)
  12 kobolds
  A kobold skeleton (D:6)
  6 kobold zombies (Ossuary)
  11 orc zombies (Ossuary)
  3 quokkas
  A quokka skeleton (D:4)
  9 rats
  4 rat zombies (Ossuary)
199 creatures vanquished.

Vanquished Creatures (others)
  A goblin skeleton (D:5)
1 creature vanquished.

Grand Total: 200 creatures vanquished

Notes
Turn   | Place    | Note
--------------------------------------------------------------
     0 | D:1      | Heini, the Minotaur Fighter, began the quest for the Orb.
     0 | D:1      | Reached XP level 1. HP: 19/19 MP: 1/1
   141 | D:1      | Reached skill level 4 in Fighting
   191 | D:1      | Reached XP level 2. HP: 27/27 MP: 1/1
   959 | D:2      | Reached XP level 3. HP: 34/34 MP: 2/2
  1505 | D:3      | Reached XP level 4. HP: 41/41 MP: 2/2
  1542 | D:3      | Found a stormy altar of Qazlal.
  1679 | D:3      | Noticed Heini's ghost (average MiFi)
  1696 | D:3      | Killed Heini's ghost
  1696 | D:3      | Reached skill level 5 in Fighting
  1696 | D:3      | Reached skill level 5 in Armour
  1696 | D:3      | Reached XP level 5. HP: 24/48 MP: 2/2
  2130 | D:4      | Noticed kroki's ghost (average MiWr)
  2144 | D:4      | Killed kroki's ghost
  2144 | D:4      | Reached skill level 5 in Maces & Flails
  2144 | D:4      | Reached XP level 6. HP: 28/57 MP: 3/3
  2218 | D:4      | Reached skill level 6 in Armour
  2407 | D:4      | Reached XP level 7. HP: 46/63 MP: 3/3
  2462 | D:4      | Noticed a centaur
  2462 | D:4      | Noticed an ogre
  2478 | D:4      | Killed an ogre
  2484 | D:4      | Killed a centaur
  2980 | D:5      | Entered Level 5 of the Dungeon
  3098 | D:5      | Found a staircase to the Ecumenical Temple.
  3183 | D:5      | Reached skill level 7 in Maces & Flails
  3192 | D:5      | Reached XP level 8. HP: 59/73 MP: 3/3
  3342 | D:5      | Found a deep blue altar of Sif Muna.
  3476 | D:5      | Found a sand-covered staircase.
  3484 | Ossuary  | Entered an ossuary
  3592 | Ossuary  | Reached skill level 8 in Maces & Flails
  3605 | Ossuary  | Noticed ghwc's ghost (experienced HOGl)
  3659 | Ossuary  | Killed ghwc's ghost
  3659 | Ossuary  | Reached skill level 9 in Maces & Flails
  3886 | Temple   | Entered the Ecumenical Temple
  3900 | Temple   | Became a worshipper of Warmaster Okawaru
  4139 | D:6      | Found Fuogruz's Assorted Antiques.
  4210 | D:6      | Reached XP level 9. HP: 82/82 MP: 4/4
  4212 | D:6      | Found Riash's Assorted Antiques.
  4269 | D:6      | Found Qularotro's Book Shop.
  4289 | D:6      | Found Saduopuf's Weapon Boutique.
  4298 | D:6      | Found Caniloeh's Food Emporium.
  4435 | D:6      | Found a snail-covered altar of Cheibriados.
  4709 | D:7      | Reached skill level 10 in Maces & Flails
  4742 | D:7      | Found a flagged portal.
  4773 | Bailey   | Entered a bailey
  4805 | Bailey   | Noticed an orc knight
  4807 | Bailey   | Mangled by an orc warrior

Action                   |  1- 3 |  4- 6 |  7- 9 || total
-------------------------+-------+-------+-------++-------
Melee: Flail             |    98 |   159 |   326 ||   583
  Use: Scroll            |     7 |     1 |     6 ||    14
       Potion            |       |       |     6 ||     6
  Eat: Chunk             |     2 |     3 |     4 ||     9
       Meat ration       |       |       |     1 ||     1
